 Dungeon Crawl Stone Soup version 0.27.1-35-g4d5d836560 (webtiles) character file.

Game seed: 1790148703422343110

450 unlimited1921 the Ogre Mage (level 7, -5/66 HPs)
             Began as an Ogre Fire Elementalist on May 2, 2022.
             Was an Initiate of Gozag.
             Splashed by an acid dragon's acid (11 damage)
             ... on level 5 of the Dungeon.
             The game lasted 00:27:03 (8303 turns).

unlimited1921 the Ogre Mage (OgFE)                  Turns: 8303, Time: 00:27:03

Health: -5/66      AC: -9    Str: 13    XL:     7   Next: 4%
Magic:  4/14       EV: 10    Int: 24    God:    Gozag
Gold:   279        SH:  0    Dex: 15    Spells: 11/16 levels left

rFire    + . .     SeeInvis .   d - +0 dagger (venom)
rCold    . . .     Faith    .   (no shield)
rNeg     . . .     Spirit   .   v - +0 robe {rF+}
rPois    .         Reflect  .   (helmet restricted)
rElec    .         Harm     .   (no cloak)
rCorr    .         Rampage  .   (gloves unavailable)
Will     .....                  (boots unavailable)
Stlth    ++........             j - amulet of regeneration
HPRegen  1.21/turn              t - +6 ring of dexterity
MPRegen  0.14/turn              r - +6 ring of intelligence

@: corroded
A: large, unfitting armour, tough skin 1
a: Renounce Religion, Potion Petition, Call Merchant, Bribe Branch


You were on level 5 of the Dungeon.
You worshipped Gozag.
Gozag was aware of your devotion.
You visited 2 branches of the dungeon, and saw 6 of its levels.

You collected 356 gold pieces.
You paid 77 gold pieces to Gozag.

Inventory:

Hand Weapons
 d - a +0 dagger of venom (weapon)
 f - a +0 short sword
 k - a +0 spear
 s - a +0 hunting sling
 w - a +0 flail
 x - a +1 dagger of draining
 y - a +0 hand axe
Missiles
 e - 145 stones
 m - 2 javelins
 n - 18 poisoned darts
 q - 15 sling bullets
 u - 26 bolts
Armour
 v - a +0 robe of fire resistance (worn)
Jewellery
 h - a ring of fire
 j - an amulet of regeneration (around neck)
 r - a +6 ring of intelligence (right hand)
 t - a +6 ring of dexterity (left hand)
Scrolls
 a - a scroll of amnesia
 c - 2 scrolls of blinking
 i - 4 scrolls of teleportation
 l - a scroll of enchant weapon
 o - a scroll of fear
 p - 2 scrolls of noise {unknown}
 A - a scroll of magic mapping
Potions
 b - a potion of flight {unknown}
 z - 2 potions of curing {unknown}
 B - a potion of lignification
 C - a potion of ambrosia {unknown}


   Skills:
 + Level 2.4 Fighting
 - Level 1.1 Short Blades
 + Level 2.2 Dodging
 + Level 2.2 Stealth
 * Level 5.0 Spellcasting
 + Level 2.3 Conjurations
 + Level 4.1 Fire Magic


You had 11 spell levels left.
You knew the following spells:

 Your Spells              Type           Power      Damage    Failure   Level
a - Foxfire               Conj/Fire      84%        2x1d8     2%          1
b - Inner Flame           Hex/Fire       16%        N/A       11%         3
c - Corona                Hex            6%         N/A       9%          1

Your spell library contained the following spells:

 Spells                   Type           Power      Damage    Failure   Level
 Conjure Flame            Conj/Fire      21%        6-21      7%          3
 Animate Skeleton         Necr           12%        N/A       9%          1
 Apportation              Tloc           12%        N/A       9%          1
 Summon Small Mammal      Summ           24%        N/A       9%          1
 Sticky Flame             Conj/Fire      21%        2d4       22%         4
 Fulminant Prism          Conj/Hex       5%         3d7       47%         4
 Iskenderun's Mystic Bla  Conj/Tloc      11%        2d4       47%         4
 Fireball                 Conj/Fire      10%        3d6       54%         5
 Lee's Rapid Deconstruct  Erth           3%         3d6*      94%         5


Dungeon Overview and Level Annotations

Branches:
Dungeon (5/15)             Temple (1/1) D:4

Altars:
Ashenzari
Cheibriados
Fedhas
Gozag
Hepliaklqana
Kikubaaqudgha
Nemelex Xobeh
Okawaru
Qazlal
Ru
Sif Muna
Uskayaw
Vehumet
Wu Jian
Xom
Zin
The Shining One


Innate Abilities, Weirdness & Mutations

You are too large for most types of armour.
You have tough skin. (AC +1)


Message History

You miscast Foxfire.
You are very lightly contaminated with residual magic.
Nothing appears to happen.
The acid dragon closely misses you. The acid dragon claws you.
You completely miss the acid dragon.
The acid dragon is distracted by your dazzling golden aura.
Casting: Foxfire (safe; 2% risk of failure)
Confirm with . or Enter, or press ? or * to list all spells.
You conjure some foxfire!
You closely miss the acid dragon.
The acid dragon is no longer distracted by gold.
The foxfire hits the acid dragon but does no damage.
The acid dragon spits acid at you. The splash of acid hits you!
The acid corrodes you!
You are splashed with acid.
Casting: Foxfire (safe; 2% risk of failure)
Confirm with . or Enter, or press ? or * to list all spells.
You conjure some foxfire!
The acid dragon bites you. The acid dragon claws you.
Your foxfire dissipates!
The foxfire hits the acid dragon.
The acid dragon is lightly wounded.
The foxfire hits the acid dragon but does no damage.
The acid dragon is lightly wounded.
Casting: Foxfire (safe; 2% risk of failure)
Confirm with . or Enter, or press ? or * to list all spells.
You conjure some foxfire!
The acid dragon spits acid at you. The splash of acid hits you!
The acid corrodes you!
You are splashed with acid!
* * * LOW HITPOINT WARNING * * *
Your magical contamination has completely faded away.
Blink to where?
Press: ? - help, Dir - move target
As you read the scroll of blinking, it crumbles to dust.
The foxfire hits the acid dragon but does no damage.
The acid dragon is lightly wounded.
The acid dragon spits acid at you. The splash of acid hits you!
* * * LOW HITPOINT WARNING * * *
The acid corrodes you!
You are splashed with acid!
You die...
Your body crumbles into a pile of gold.

..$. ## #. . #.$
#.#### .# .
#$###.#..#.##.#.#
#rDv#.# #.#..##.#
###§#.# #...#.#
##§### #....##
##..###.#.#.#
##..#.##.#.#
###.@##..# ####.###
#.## ##.## #.#.##
##.#.# ##.## ####
####.###
####..######.##...#
#


You could see an acid dragon (catching breath).

Vanquished Creatures
  A centaur (D:5)
  A phantom (D:5)
  A water moccasin skeleton (D:4)
  An orc priest (D:3)
  An iguana (D:5)
  A hound skeleton (D:4)
  6 adders
  2 river rats (D:5)
  2 worms (D:2)
  A dart slug (D:3)
  8 orcs
  3 ball pythons
  6 endoplasms
  11 giant cockroaches (D:3)
  3 goblins
  5 hobgoblins
  2 jackals (D:1)
  8 quokkas
  6 bats
  2 frilled lizards
  8 kobolds
  A quokka zombie (D:3)
  19 rats
99 creatures vanquished.

Vanquished Creatures (others)
  275 foxfires
275 creatures vanquished.

Grand Total: 374 creatures vanquished

Notes
Turn   | Place    | Note
-------+----------+-------------------------------------------
     0 | D:1      | unlimited1921 the Ogre Fire Elementalist began the quest
                  | for the Orb.
     0 | D:1      | Reached XP level 1. HP: 16/16 MP: 3/3
   635 | D:1      | Reached XP level 2. HP: 19/24 MP: 2/5
  2463 | D:2      | Reached skill level 1 in Conjurations
  2510 | D:2      | Reached XP level 3. HP: 31/31 MP: 7/7
  2545 | D:2      | Reached skill level 3 in Spellcasting
  3321 | D:2      | Found a faded altar of an unknown god.
  3489 | D:2      | Learned a level 3 spell: Inner Flame
  4080 | D:2      | Reached skill level 1 in Fighting
  4080 | D:2      | Reached XP level 4. HP: 41/41 MP: 2/8
  4685 | D:3      | Found a blossoming altar of Fedhas.
  4854 | D:3      | Learned a level 1 spell: Corona
  4855 | D:3      | Found a hide-covered altar of Uskayaw.
  5359 | D:3      | Found an ornate altar of the Wu Jian Council.
  5627 | D:3      | Reached XP level 5. HP: 48/48 MP: 6/10
  6117 | D:3      | Found an ancient bone altar of Kikubaaqudgha.
  6240 | D:4      | Found a snail-covered altar of Cheibriados.
  6789 | D:4      | Reached skill level 1 in Short Blades
  6908 | D:4      | Reached XP level 6. HP: 48/57 MP: 5/11
  7005 | D:4      | Found a staircase to the Ecumenical Temple.
  7129 | Temple   | Entered the Ecumenical Temple
  7365 | Temple   | Became a worshipper of Gozag Ym Sagoz the Greedy
  7760 | D:5      | Entered Level 5 of the Dungeon
  7760 | D:5      | Noticed a water elemental
  7762 | D:5      | Found a stormy altar of Qazlal.
  7763 | D:5      | Noticed a fire elemental
  7763 | D:5      | Noticed an air elemental
  7795 | D:5      | Found an iron altar of Okawaru.
  7820 | D:5      | Reached skill level 4 in Spellcasting
  8049 | D:5      | Found a radiant altar of Vehumet.
  8199 | D:5      | Reached XP level 7. HP: 63/66 MP: 14/14
  8295 | D:5      | Reached skill level 5 in Spellcasting
  8303 | D:5      | Splashed by an acid dragon's acid

Illustrated notes

Levels and vault maps discovered:
D:1:      minmay_arrival_floating_metal, layout_basic
D:2:      minmay_chambers_of_twos, layout_basic,
          hellmonk_ecumenical_altar_heavens_door, minmay_rat_gold_closets
D:3:      minmay_roachtagon, layout_rooms, overflow_temple_1_default,
          marbit_many_paths, nicolae_wu_jian_immortal_techniques, fedhas_altar_2
D:4:      layout_basic, cheibriados_altar_1, minmay_temple_entry_fiery
D:5:      lemuel_ratsnest, layout_loops_corners,
          nicolae_qazlal_style_of_elements, mainiacjoe_overflow_24_doors,
          fiery_altar_vehumet, mainiacjoe_overflow_small_starburst,
          uniq_eustachio
Temple:   compressed_dpeg_triangle_lava_temple

Skill      XL: |  1  2  3  4  5  6  7 |
---------------+----------------------+-----
Fire Magic     | 3 4 |  4.1
Conjurations   | 1 2 |  2.3
Spellcasting   | 3 4 5 |  5.0
Fighting       | 1 2 |  2.4
Stealth        | 2 |  2.2
Dodging        | 2 |  2.2
Short Blades   | 1 |  1.1

Action                   |  1- 3 |  4- 6 |  7- 9 || total
-------------------------+-------+-------+-------++-------
Melee: Dagger            |    24 |    76 |    11 ||   111
       Unarmed           |     1 |       |       ||     1
 Cast: Foxfire           |    57 |    98 |    19 ||   174
       Corona            |       |     1 |       ||     1
  Use: Scroll            |       |     8 |     1 ||     9
 Stab: Sleeping          |     2 |     2 |       ||     4
Armor: Robe              |    12 |    19 |       ||    31
Dodge: Dodged            |    17 |    41 |     8 ||    66
